 Dungeon Crawl Stone Soup version 0.29-a0-106-g0a07039d5a (webtiles) character file.

Game seed: 6450159918815932038

104 frimble the Chiller (level 4, -1/32 HPs)
             Began as a Gnoll Ice Elementalist on Feb 17, 2022.
             Succumbed to Crazy Yiuf's poison
             ... on level 2 of the Dungeon.
             The game lasted 00:02:44 (3060 turns).

frimble the Chiller (Gnoll Ice Elementalist)        Turns: 3060, Time: 00:02:45

Health: -1/32      AC:  8    Str:  9    XL:     4   Next: 80%
Magic:  2/11       EV: 18    Int: 14    God:
Gold:   130        SH:  0    Dex: 13    Spells: 6/13 levels left

rFire   . . .      SeeInvis .     - Unarmed
rCold   . . .      Faith    .   (no shield)
rNeg    . . .      Spirit   .   a - +0 robe
rPois   .          Reflect  .   (no helmet)
rElec   .          Harm     .   (no cloak)
rCorr   .          Rampage  .   (no gloves)
Will    .....                   (no boots)
Stlth   +++.......              (no amulet)
HPRegen 0.10/turn               g - ring of wizardry
MPRegen 0.12/turn               (no ring)

@: agile, lethally poisoned (-1 -> -15), ice-armoured, freezing walls
A: fangs 1, strong nose, distributed training
a: no special abilities


You were on level 2 of the Dungeon.
You visited 1 branch of the dungeon, and saw 2 of its levels.

You collected 130 gold pieces.

Inventory:

Armour
 a - a +0 robe (worn)
Jewellery
 g - a ring of wizardry (left hand)
Scrolls
 b - a scroll of identify
 f - 2 scrolls of blinking {unknown}
Potions
 c - a potion of might
 d - 2 potions of brilliance
 e - 2 potions of mutation {unknown}
 h - a potion of ambrosia {unknown}
 i - a potion of curing {unknown}
 j - 2 potions of flight {unknown}


   Skills:
 + Level 1.2 Fighting
 + Level 1.2 Short Blades
 + Level 1.2 Long Blades
 + Level 1.2 Axes
 + Level 1.2 Maces & Flails
 + Level 1.2 Polearms
 + Level 1.2 Staves
 + Level 1.2 Slings
 + Level 1.2 Bows
 + Level 1.2 Crossbows
 + Level 1.2 Throwing
 + Level 1.2 Armour
 + Level 4.7 Dodging
 + Level 4.3 Stealth
 + Level 1.2 Shields
 + Level 1.2 Unarmed Combat
 + Level 5.1 Spellcasting
 + Level 1.0 Conjurations
 + Level 1.0 Hexes
 + Level 1.0 Summonings
 + Level 1.0 Necromancy
 + Level 1.0 Translocations
 + Level 1.0 Transmutations
 + Level 1.0 Fire Magic
 + Level 7.1 Ice Magic
 + Level 1.0 Air Magic
 + Level 1.0 Earth Magic
 + Level 1.0 Poison Magic
 + Level 1.3 Invocations
 + Level 1.2 Evocations


You had 6 spell levels left.
You knew the following spells:

 Your Spells              Type           Power      Damage    Failure   Level
a - Freeze                Ice            92%        1d10      1%          1
b - Frozen Ramparts       Ice            46%        1d6       1%          3
c - Ozocubu's Armour      Ice            23%        N/A       1%          3

Your spell library contained the following spells:

 Spells                   Type           Power      Damage    Failure   Level
 Pain                     Necr           24%        1d5       4%          1
 Hailstorm                Conj/Ice       15%        3d5       13%         4
 Agony                    Necr           6%         N/A       75%         5
 Excruciating Wounds      Necr           3%         N/A       75%         5


Dungeon Overview and Level Annotations

Branches:
Dungeon (2/15)

Altars:


Innate Abilities, Weirdness & Mutations

You have very sharp teeth.
Your uncanny sense of smell can sniff out nearby items.
Your experience applies equally to all skills.


Message History

Press: ? - help, Dir - look around, f - activate The walls around you are covered in ice.
The wall freezes Crazy Yiuf.
Crazy Yiuf hits you with a +4 quarterstaff of chaos!
You feel agile all of a sudden.
Casting: Frozen Ramparts (safe; 1% risk of failure)
Confirm with . or Enter, or press ? or * to list all spells.
A film of ice covers your body!
The wall freezes Crazy Yiuf.
Crazy Yiuf closely misses you.
Casting: Ozocubu's Armour (safe; 1% risk of failure)
Confirm with . or Enter, or press ? or * to list all spells.
Aiming: Freeze (safe; 1% risk of failure)
Press: ? - help, Shift-Dir - straight line, f - Crazy Yiuf
Aim: Crazy Yiuf, wielding a +4 quarterstaff of chaos and wearing a +0 cloak (moderately wounded)
You freeze Crazy Yiuf.
Crazy Yiuf is heavily wounded.
The wall freezes Crazy Yiuf.
Crazy Yiuf hits you with a +4 quarterstaff of chaos!
You are lethally poisoned!
Casting: Freeze (safe; 1% risk of failure)
Confirm with . or Enter, or press ? or * to list all spells.
Aiming: Freeze (safe; 1% risk of failure)
Press: ? - help, Shift-Dir - straight line, f/p - Crazy Yiuf
Aim: Crazy Yiuf, wielding a +4 quarterstaff of chaos and wearing a +0 cloak (severely wounded)
You freeze Crazy Yiuf.
Crazy Yiuf is almost dead.
* * * LOW HITPOINT WARNING * * *
You feel very sick.
The wall freezes Crazy Yiuf.
Crazy Yiuf hits you with a +4 quarterstaff of chaos!
* * * LOW HITPOINT WARNING * * *
You feel more agile all of a sudden.
Casting: Freeze (safe; 1% risk of failure)
Confirm with . or Enter, or press ? or * to list all spells.
Aiming: Freeze (safe; 1% risk of failure)
Press: ? - help, Shift-Dir - straight line, f/p - Crazy Yiuf
Aim: Crazy Yiuf, wielding a +4 quarterstaff of chaos and wearing a +0 cloak (almost dead)
You freeze Crazy Yiuf.
You kill Crazy Yiuf!
You die...

##### #..)# #...#
... #)# ##@# #.##
###### ### ##.#
##....####.# #.##
.....<.....# ##.##
#####.####.# #...##
# ###.##...# #....#
###........# #....#
....#..#######....#


There were no monsters in sight!

Vanquished Creatures
  Crazy Yiuf (D:2)
  4 gnolls
  An adder (D:2)
  A dart slug (D:1)
  6 ball pythons
  5 endoplasms
  5 goblins
  8 hobgoblins
  5 jackals (D:2)
  5 bats
  4 frilled lizards
  4 kobolds
  3 rats (D:2)
52 creatures vanquished.

Vanquished Creatures (others)
  2 fungi (D:2)
2 creatures vanquished.

Grand Total: 54 creatures vanquished

Notes
Turn   | Place    | Note
-------+----------+-------------------------------------------
     0 | D:1      | frimble the Gnoll Ice Elementalist began the quest for the
                  | Orb.
     0 | D:1      | Reached XP level 1. HP: 13/13 MP: 6/6
   350 | D:1      | Reached XP level 2. HP: 14/19 MP: 3/7
  1074 | D:1      | Reached XP level 3. HP: 25/25 MP: 9/9
  1101 | D:1      | Reached skill level 5 in Spellcasting
  1459 | D:1      | Reached skill level 1 in Invocations
  1562 | D:1      | Reached skill level 1 in Fighting
  1562 | D:1      | Reached skill level 1 in Short Blades
  1562 | D:1      | Reached skill level 1 in Long Blades
  1562 | D:1      | Reached skill level 1 in Axes
  1562 | D:1      | Reached skill level 1 in Maces & Flails
  1562 | D:1      | Reached skill level 1 in Polearms
  1562 | D:1      | Reached skill level 1 in Staves
  1562 | D:1      | Reached skill level 1 in Slings
  1562 | D:1      | Reached skill level 1 in Bows
  1562 | D:1      | Reached skill level 1 in Crossbows
  1562 | D:1      | Reached skill level 1 in Throwing
  1562 | D:1      | Reached skill level 1 in Armour
  1562 | D:1      | Reached skill level 1 in Shields
  1562 | D:1      | Reached skill level 1 in Unarmed Combat
  1562 | D:1      | Reached skill level 1 in Evocations
  1721 | D:2      | Reached XP level 4. HP: 24/32 MP: 2/11
  2253 | D:2      | Reached skill level 1 in Conjurations
  2253 | D:2      | Reached skill level 1 in Hexes
  2253 | D:2      | Reached skill level 1 in Summonings
  2253 | D:2      | Reached skill level 1 in Necromancy
  2253 | D:2      | Reached skill level 1 in Translocations
  2253 | D:2      | Reached skill level 1 in Transmutations
  2253 | D:2      | Reached skill level 1 in Fire Magic
  2253 | D:2      | Reached skill level 1 in Air Magic
  2253 | D:2      | Reached skill level 1 in Earth Magic
  2253 | D:2      | Reached skill level 1 in Poison Magic
  2426 | D:2      | Learned a level 3 spell: Frozen Ramparts
  2430 | D:2      | Learned a level 3 spell: Ozocubu's Armour
  2593 | D:2      | Found a runed translucent door.
  2594 | D:2      | Noticed Crazy Yiuf
  3003 | D:2      | Identified the +2 hunting sling of a treasure trove {flame,
                  | rF- rN+ Dex+3}
  3060 | D:2      | Killed Crazy Yiuf
  3060 | D:2      | Succumbed to Crazy Yiuf's poison

Illustrated notes

Levels and vault maps discovered:
D:1:      dpeg_arrival_simpleton_c, layout_rooms, minmay_misc_feat_x,
          minmay_ruptured
D:2:      layout_rooms, uniq_crazy_yiuf_cottage

Skill      XL: |  1  2  3  4 |
---------------+-------------+-----
Spellcasting   | 5 |  5.1
Invocations    | 1 |  1.3
Fighting       | 1 |  1.2
Short Blades   | 1 |  1.2
Long Blades    | 1 |  1.2
Axes           | 1 |  1.2
Maces & Flails | 1 |  1.2
Polearms       | 1 |  1.2
Staves         | 1 |  1.2
Slings         | 1 |  1.2
Bows           | 1 |  1.2
Crossbows      | 1 |  1.2
Throwing       | 1 |  1.2
Armour         | 1 |  1.2
Shields        | 1 |  1.2
Unarmed Combat | 1 |  1.2
Evocations     | 1 |  1.2
Conjurations   | 1 |  1.0
Hexes          | 1 |  1.0
Summonings     | 1 |  1.0
Necromancy     | 1 |  1.0
Translocations | 1 |  1.0
Transmutations | 1 |  1.0
Fire Magic     | 1 |  1.0
Air Magic      | 1 |  1.0
Earth Magic    | 1 |  1.0
Poison Magic   | 1 |  1.0
Dodging        | |  4.7
Stealth        | |  4.3
Ice Magic      | |  7.1

Action                   |  1- 3 |  4- 6 || total
-------------------------+-------+-------++-------
Melee: Unarmed           |    49 |    42 ||    91
       Bite              |    16 |     4 ||    20
       Dagger            |    37 |       ||    37
       Punch             |     2 |     1 ||     3
 Cast: Freeze            |    33 |    22 ||    55
       Ozocubu's Armour  |       |     1 ||     1
       Frozen Ramparts   |       |     1 ||     1
  Use: Scroll            |     3 |       ||     3
 Stab: Sleeping          |     5 |     1 ||     6
       Distracted        |     1 |       ||     1
Armor: Robe              |    21 |     9 ||    30
Dodge: Dodged            |    80 |    43 ||   123

Table legend: (Time is in decaauts)
 A = Elapsed time spent in this place.
 B = Non-inter-level travel time spent in this place.
 C = Inter-level travel time spent in this place.
 D = Time resting spent in this place.
 E = Time spent auto-exploring this place.
 F = Levels seen in this place.
 G = Mean time per level.
                   A        B        C        D        E       F      G
               +--------+--------+--------+--------+--------+-----+--------+
         Total |   3045 |   2960 |     85 |      0 |   2536 |   2 | 1522.5 |
       Dungeon |   3045 |   2960 |     85 |      0 |   2536 |   2 | 1522.5 |
               +--------+--------+--------+--------+--------+-----+--------+

Top non-repeatable levels by time:
     D:1: 1636 daAuts
     D:2: 1409 daAuts
